 Dungeon Crawl Stone Soup version 0.18-a0-1570-gf60b0ab (webtiles) character file.

319 Ijustatesigmund the Insei (level 6, -1/43 HPs)
             Began as an Octopode Transmuter on Mar 14, 2016.
             Slain by an orc (5 damage)
             ... on level 5 of the Dungeon.
             The game lasted 00:08:49 (4106 turns).

Ijustatesigmund the Insei (Octopode Transmuter)     Turns: 4106, Time: 00:08:49

Health: -1/43      AC:  1    Str: 15    XL:     6   Next: 46%
Magic:  8/9        EV: 12    Int: 13    God:
Gold:   168        SH:  0    Dex: 12    Spells: 3 memorised, 3 levels left

rFire  . . .     SeeInvis .       - Unarmed
rCold  . . .     Gourm    .     (no shield)
rNeg   . . .     Faith    .     (helmet restricted)
rPois  .         Spirit   .     (no amulet)
rElec  .         Dismiss  .     e - -4 ring of intelligence (curse)
rCorr  .         Reflect  .     p - ring of loudness (curse)
SustAt .         Harm     .     (no ring)
MR     .....                    (no ring)
Stlth  +.........               (no ring)
                                (no ring)
                                (no ring)
                                (no ring)

@: mighty, hasted, very quick, not resistant to hostile enchantments, very
unstealthy
A: almost no armour, amphibious, 8 rings, constrict 8, camouflage 1, gelatinous
body 1
a: no special abilities


You were on level 5 of the Dungeon.
You were not hungry.

You visited 1 branch of the dungeon, and saw 5 of its levels.

You collected 168 gold pieces.

Inventory:

Missiles
 a - 82 arrows
 f - 8 tomahawks (quivered)
 h - 21 arrows of frost
 n - 14 arrows of dispersal
Jewellery
 e - a cursed -4 ring of intelligence (left tentacle)
 p - a cursed ring of loudness (right tentacle)
Scrolls
 l - 2 scrolls of teleportation
 q - a scroll of recharging
Potions
 d - a potion of might
 i - 2 potions of brilliance
 j - a potion of curing {unknown}
 k - a potion of ambrosia {unknown}
 m - a potion of agility {unknown}
 o - a potion of degeneration {unknown}
 r - a potion of cancellation {unknown}
Books
 b - a book of Changes

   Spells                             Type                      Level
   a - Beastly Appendage              Transmutation                1
   b - Sticks to Snakes               Transmutation                2
   c - Spider Form                    Transmutation/Poison         3
   d - Ice Form                       Ice/Transmutation            4
   e - Blade Hands                    Transmutation                5
Comestibles
 c - 2 bread rations
 g - 2 meat rations


   Skills:
 + Level 3.7 Fighting
 - Level 2.0 Dodging
 + Level 5.0 Unarmed Combat
 - Level 2.0 Spellcasting
 + Level 2.9 Transmutations
 - Level 2.2 Poison Magic


You had 3 spell levels left.
You knew the following spells:

 Your Spells              Type           Power        Failure   Level  Hunger
a - Beastly Appendage     Trmt           #.....       10%         1    ##.....
b - Sticks to Snakes      Trmt           #.......     14%         2    ###....
c - Spider Form           Trmt/Pois      #.........   28%         3    ####...


Dungeon Overview and Level Annotations

Branches:
Dungeon (5/15)
 Temple: D:4-7

Altars:
Dithmenos
Pakellas

Annotations:
D:4 Eustachio


Innate Abilities, Weirdness & Mutations

You cannot wear most types of armour.
You are amphibious.
You can wear up to eight rings at the same time.
You can use your tentacles to constrict eight enemies at once.
Your skin changes colour to match your surroundings (Stealth).
Your rubbery body absorbs attacks (AC +1).


Message History

The orc barely misses you.
You closely miss the orc. The orc hits you.
The orc wizard hits you with a dagger. The orc closely misses you.
You bump into the rock wall.
The orc hits you with a flail. The orc hits you.
The crimson imp blinks!
The orc wizard misses you. The orc hits you with a club.
You barely miss the orc. Your squeeze misses the orc.
You feel less confused. The orc hits you.
* * * LOW HITPOINT WARNING * * *
The orc closely misses you. The orc wizard hits you with a dagger.
* * * LOW HITPOINT WARNING * * *
You barely miss the orc. You grab the orc. You constrict the orc.
The orc hits you but does no damage. The orc misses you.
The orc wizard closely misses you. The orc hits you with a flail.
* * * LOW HITPOINT WARNING * * *
Drink which item? (? for menu, Esc to quit)
It was a potion of haste.
You feel yourself speed up.
You constrict the orc. The orc barely misses you. The orc hits you.
You die...

+..................#
#..................#
#..................####
#.........#'##.........
#.........'..#.........
#.........#..#.........
#.........#..#........o
#.........#..######....
#.........#...o@o.#o...
#.........#####oo.+ ...
##.........# #.†.# ..
...........# .....#
.....).....#.......#
...........#.......#
...........#####.5.#
...........# #§..#
...........# .....


You could see an orc wizard, a crimson imp and 3 orcs.

Vanquished Creatures
  A centaur (D:5)
  2 scorpions
  An orc priest (D:4)
  Jessica (D:2)
  3 adders
  A worm (D:2)
  A dart slug (D:5)
  4 giant geckos
  5 bats
  2 giant cockroaches
  6 goblins
  3 hobgoblins
  8 jackals
  A quokka (D:4)
  A ball python (D:2)
  5 giant newts
  7 kobolds
  8 rats
60 creatures vanquished.

Vanquished Creatures (collateral kills)
  A worm (D:2)
1 creature vanquished.

Grand Total: 61 creatures vanquished

Notes
Turn   | Place    | Note
--------------------------------------------------------------
     0 | D:1      | Ijustatesigmund the Octopode Transmuter began the quest for the Orb.
     0 | D:1      | Reached XP level 1. HP: 13/13 MP: 3/3
   407 | D:1      | Reached XP level 2. HP: 18/18 MP: 5/5
   411 | D:1      | Learned a level 2 spell: Sticks to Snakes
  1350 | D:2      | Reached XP level 3. HP: 21/24 MP: 4/6
  1362 | D:2      | Learned a level 3 spell: Spider Form
  1609 | D:2      | Reached skill level 1 in Poison Magic
  1736 | D:2      | Reached skill level 4 in Unarmed Combat
  1786 | D:2      | Noticed Jessica
  1788 | D:2      | Reached XP level 4. HP: 29/29 MP: 5/7
  1797 | D:2      | Killed Jessica
  2841 | D:4      | Found an oddly glowing altar of Pakellas.
  3131 | D:4      | Reached XP level 5. HP: 25/36 MP: 1/8
  3801 | D:4      | Found a shadowy altar of Dithmenos.
  3870 | D:4      | Noticed Eustachio
  3893 | D:5      | Entered Level 5 of the Dungeon
  3915 | D:5      | Noticed a centaur
  3933 | D:5      | Killed a centaur
  3933 | D:5      | Reached XP level 6. HP: 28/42 MP: 7/9
  4097 | D:5      | Reached skill level 5 in Unarmed Combat
  4106 | D:5      | Slain by an orc

Vault maps used:
D:1:      dpeg_chamrin_arrival_tetris, minmay_fountain_box
D:2:      uniq_jessica
D:4:      grunt_dithmenos_smoke_and_mirrors, grunt_temple_overflow_open,
          uniq_eustachio
D:5:      first_bread

Skill      XL: |  1  2  3  4  5  6 |
---------------+-------------------+-----
Fighting       | 2 3 |  3.7
Poison Magic   | 1 2 |  2.2
Unarmed Combat | 4 5 |  5.0
Dodging        | |  2.0
Spellcasting   | |  2.0
Transmutations | |  2.9

Action                   |  1- 3 |  4- 6 || total
-------------------------+-------+-------++-------
Melee: Unarmed           |    77 |    81 ||   158
 Cast: Beastly Appendage |     5 |     8 ||    13
       Sticks to Snakes  |     4 |     2 ||     6
       Spider Form       |       |     1 ||     1
  Use: Scroll            |     2 |     7 ||     9
       Potion            |       |     3 ||     3
 Stab: Sleeping          |     4 |       ||     4
  Eat: Chunk             |     3 |     3 ||     6
       Meat ration       |       |     1 ||     1
